 Dungeon Crawl Stone Soup version 0.30-a0-219-gf2db51d15e (webtiles) character file.

Game seed: 4657019494269196088

421 KennySheep the Shooter (level 6, -1/36 HPs)
             Began as a Deep Elf Warper on Oct 6, 2022.
             Was an Initiate of Yredelemnul.
             Slain by a black bear (7 damage)
             ... on level 4 of the Dungeon.
             The game lasted 00:09:57 (3551 turns).

KennySheep the Shooter (Deep Elf Warper)            Turns: 3551, Time: 00:09:57

Health: -1/36      AC: 10    Str:  8    XL:     6   Next: 62%
Magic:  14/14      EV:  8    Int: 18    God:    Yredelemnul [......]
Gold:   157        SH:  0    Dex: 16    Spells: 11/13 levels left

rFire   . . .      SeeInvis .    a - +0 falchion
rCold   . . .      Faith    .    (no shield)
rNeg    . . .      Spirit   .    r - +0 ring mail
rPois   .          Reflect  .    k - +1 helmet
rElec   .          Harm     .    (no cloak)
rCorr   .          Rampage  .    (no gloves)
Will    .....                    q - +2 pair of boots
Stlth   +.........               (no amulet)
HPRegen 0.26/turn                (no ring)
MPRegen 0.14/turn                (no ring)

@: hasted, constricted, very quick
A: no striking features
a: Renounce Religion, Recall Undead Harvest


You were on level 4 of the Dungeon.
You worshipped Yredelemnul.
Yredelemnul was noncommittal.
You visited 1 branch of the dungeon, and saw 4 of its levels.

You collected 157 gold pieces.

Inventory:

Hand Weapons
 a - a +0 falchion (weapon)
Missiles
 d - 7 boomerangs of dispersal
 h - 4 poisoned darts (quivered)
Armour
 b - a +0 leather armour
 k - a +1 helmet (worn)
 q - a +2 pair of boots (worn)
 r - a +0 ring mail (worn)
Jewellery
 i - a +6 ring of intelligence
Scrolls
 c - 2 scrolls of blinking
 e - a scroll of fear {unknown}
 f - a scroll of vulnerability {unknown}
 g - a scroll of noise {unknown}
 l - a scroll of silence
 o - a scroll of teleportation
 s - a scroll of identify
Potions
 j - 2 potions of heal wounds
 m - a potion of haste
 n - a potion of invisibility
 p - a potion of might {unknown}


   Skills:
 + Level 2.6 Fighting
 - Level 1.7 Long Blades
 * Level 5.1 Ranged Weapons
 - Level 1.0 Throwing
 + Level 2.3 Armour
 + Level 3.9 Dodging
 + Level 4.4 Spellcasting
 - Level 3.7 Translocations


You had 11 spell levels left.
You knew the following spells:

 Your Spells              Type           Power      Damage    Failure   Level
a - Blink                 Tloc           34%        N/A       14%         2

Your spell library contained the following spells:

 Spells                   Type           Power      Damage    Failure   Level
 Lesser Beckoning         Tloc           34%        N/A       26%         3
 Teleport Other           Tloc           17%        N/A       26%         3
 Kiss of Death            Conj/Necr      16%        2d6       38%         1
 Vhi's Electric Charge    Tloc/Air       20%        N/A       52%         3
 Manifold Assault         Tloc           17%        N/A       65%         4
 Passage of Golubria      Tloc           17%        N/A       65%         4
 Confusing Touch          Hex            4%         N/A       77%         3
 Tukima's Dance           Hex            4%         N/A       77%         3
 Dispel Undead            Necr           4%         3d7       99%         4
 Yara's Violent Unravell  Hex/Tmut       2%         3d3       100%        5


Dungeon Overview and Level Annotations

Branches:
Dungeon (4/15)
 Temple: D:4-7

Altars:
Yredelemnul

Shops:
D:1 (

Annotations:
D:3 1 runed translucent door, Crazy Yiuf


Message History

You hit the black bear but do no damage.
The black bear is heavily wounded.
Your orc zombie hits the black bear but does no damage.
The black bear completely misses you.
The black bear claws you but does no damage. x2
You hit the black bear.
The black bear is heavily wounded.
Your orc zombie hits the black bear.
The black bear barely misses you.
The black bear claws you but does no damage. x2
You hit the black bear.
The black bear is severely wounded.
The black bear goes berserk!
Your orc zombie hits the black bear but does no damage.
You barely miss the black bear.
The black bear is severely wounded.
The black bear bites you but does no damage.
The black bear claws you.
The black bear claws you but does no damage.
The ball python barely misses you. The ball python grabs you.
The ball python constricts you.
The black bear bites you but does no damage.
The black bear claws you. The black bear barely misses you.
Your orc zombie hits the black bear but does no damage.
You hit the black bear.
The black bear is severely wounded.
The black bear closely misses you. The black bear claws you.
The black bear claws you but does no damage.
The ball python bites you but does no damage.
The ball python constricts you.
Your orc zombie hits the black bear.
The black bear bites you.
The black bear claws you but does no damage.
The black bear claws you.
* * * LOW HITPOINT WARNING * * *
The ball python bites you.
* * * LOW HITPOINT WARNING * * *
The ball python constricts you.
* * * LOW HITPOINT WARNING * * *
You feel yourself speed up. The black bear bites you!
You die...
Your body rises from the dead as a mindless zombie.

..........## .
...........## ##..
............# ##...
...........####...#
..........###....#
...............#
#.......####...###
#...)..## ##....##
####).## ###S@.#
##..)## ##
##Zh.....# #..###
###.. ###.....#
..## ##.....
..?...#
#.###.......
......#
#.##........
.......
#..........#
......(
##.........#
........## ....
#.#......# ...##...


You could see a black bear (berserk, ally target), a ball python and a friendly
orc zombie.

Vanquished Creatures
  Sigmund (D:3)
  A hound (D:4)
  An orc priest (D:3)
  An orc wizard (D:4)
  4 gnolls (D:3)
  4 adders
  A worm (D:2)
  7 dart slugs
  8 orcs
  4 bats
  4 endoplasms
  2 giant cockroaches
  4 goblins
  2 hobgoblins
  4 jackals (D:1)
  6 quokkas
  5 ball pythons
  5 kobolds
  5 rats
69 creatures vanquished.

Vanquished Creatures (collateral kills)
  A worm (D:2)
  A dart slug (D:1)
  An orc (D:4)
  A bat (D:1)
  2 giant cockroaches (D:1)
  A goblin (D:1)
  A hobgoblin (D:2)
  A ball python (D:1)
  2 kobolds
11 creatures vanquished.

Vanquished Creatures (others)
  A hound zombie (D:4)
  2 bat zombies
  A gnoll zombie (D:3)
  2 ball python zombies
  A dart slug zombie (D:4)
  An endoplasm zombie (D:3)
  4 orc zombies
  A quokka zombie (D:2)
  A rat zombie (D:3)
  3 fungi (D:1)
  3 plants (D:1)
20 creatures vanquished.

Grand Total: 100 creatures vanquished

Notes
Turn   | Place    | Note
-------+----------+-------------------------------------------
     0 | D:1      | KennySheep the Deep Elf Warper began the quest for the Orb.
     0 | D:1      | Reached XP level 1. HP: 12/12 MP: 6/6
   136 | D:1      | Reached skill level 1 in Ranged Weapons
   184 | D:1      | Found a faded altar of an unknown god.
   192 | D:1      | Reached skill level 1 in Armour
   192 | D:1      | Reached XP level 2. HP: 11/16 MP: 8/8
   204 | D:1      | Prayed at the altar of an unknown god.
   204 | D:1      | Became a worshipper of Yredelemnul the Dark
   204 | D:1      | Reached * piety under Yredelemnul
   421 | D:1      | You fall into a shaft and drop 1 floor!
   482 | D:1      | Reached skill level 2 in Ranged Weapons
   495 | D:1      | Reached XP level 3. HP: 7/21 MP: 9/9
   575 | D:1      | Learned a level 2 spell: Blink
   593 | D:1      | Found Quonwiof's Weapon Shop.
  1283 | D:2      | Reached XP level 4. HP: 20/26 MP: 11/11
  1307 | D:2      | Reached ** piety under Yredelemnul
  1826 | D:3      | Reached skill level 3 in Ranged Weapons
  1995 | D:3      | Noticed Sigmund
  2011 | D:3      | Killed Sigmund
  2012 | D:3      | Reached skill level 4 in Ranged Weapons
  2012 | D:3      | Reached XP level 5. HP: 25/31 MP: 11/13
  2012 | D:3      | Reached XP level 6. HP: 29/36 MP: 11/14
  2737 | D:3      | Found a runed translucent door.
  2738 | D:3      | Noticed Crazy Yiuf
  3445 | D:4      | Reached skill level 5 in Ranged Weapons
  3551 | D:4      | Slain by a black bear

Illustrated notes

Levels and vault maps discovered:
D:1:      amcnicky_arrival_gap_in_the_tavern_cellar, layout_basic,
          dreamdust_ecumenical_altar_grove, serial_shops,
          nicolae_shop_bloodbath_and_beyond
D:2:      layout_loops_cross, minmay_close_crescents
D:3:      layout_loops_ring, corexii_item_surrounded_by_moat,
          uniq_crazy_yiuf_cottage, uniq_sigmund
D:4:      layout_cave_pods, uniq_duvessa

Skill      XL: |  1  2  3  4  5  6 |
---------------+-------------------+-----
Ranged Weapons | 1 2 4 5 |  5.1
Armour         | 1 2 |  2.3
Fighting       | 2 |  2.6
Dodging        | 3 |  3.9
Spellcasting   | 4 |  4.4
Long Blades    | |  1.7
Throwing       | |  1.0
Translocations | |  3.7

Action                   |  1- 3 |  4- 6 || total
-------------------------+-------+-------++-------
Melee: Falchion          |   121 |   172 ||   293
       Punch             |     2 |     2 ||     4
Throw: Dart              |       |     5 ||     5
  Use: Potion            |       |     5 ||     5
       Scroll            |       |     2 ||     2
 Stab: Distracted        |       |     1 ||     1
       Invisible         |       |     1 ||     1
       Sleeping          |       |     1 ||     1
Armor: Leather armour    |    49 |    22 ||    71
       Ring mail         |       |    54 ||    54
Dodge: Dodged            |   105 |   111 ||   216

Table legend: (Time is in decaauts)
 A = Elapsed time spent in this place.
 B = Non-inter-level travel time spent in this place.
 C = Inter-level travel time spent in this place.
 D = Time resting spent in this place.
 E = Time spent auto-exploring this place.
 F = Levels seen in this place.
 G = Mean time per level.
                   A        B        C        D        E       F      G
               +--------+--------+--------+--------+--------+-----+--------+
         Total |   3602 |   3459 |    143 |    633 |   2013 |   4 |  900.5 |
       Dungeon |   3602 |   3459 |    143 |    633 |   2013 |   4 |  900.5 |
               +--------+--------+--------+--------+--------+-----+--------+

Top non-repeatable levels by time:
     D:3: 1314 daAuts
     D:2: 1059 daAuts
     D:1: 928 daAuts
     D:4: 299 daAuts
